 Dungeon Crawl Stone Soup version 0.17-a0-1945-gfe993df (webtiles) character file.

716750 Herrn the Thanatomancer (level 27, -5/354 HPs)
             Began as a Naga Fighter on Sept 29, 2015.
             Was the Champion of Cheibriados.
             Slain by a death scarab (12 damage)
             ... summoned by a greater mummy
             ... on level 1 of the Tomb of the Ancients on Oct 1, 2015.
             The game lasted 05:40:23 (86047 turns).

Herrn the Thanatomancer (Naga Fighter)             Turns: 86047, Time: 05:40:23

Health: -5/354     AC: 30    Str: 33      XL:     27
Magic:  28/30      EV: 23    Int: 29      God:    Cheibriados [******]
Gold:   5196       SH: 17    Dex: 25 (32) Spells: 7 memorised, 8 levels left

rFire  + + .     SeeInvis +     w - +9 broad axe (flame)
rCold  + + +     Clarity  +     (armour currently unavailable)
rNeg   + + +     SustAt   .     I - +1 shield {rN+}
rPois  ∞         Gourm    .     J - +2 hat of Masoykh {*Contam rC+++ rN+ Int-2}
rElec  +         Spirit   .     N - +2 cloak {+Inv}
rCorr  .         Warding  .     (gloves currently unavailable)
rMut   .         Stasis   .     (no barding)
MR     +++..                    Y - amulet of clarity
Stlth  ++........               V - ring "Fevvenwe" {rN+ Int+5}
                                g - ring "Haciawn" {rElec rF++ rN+ Str-2}

@: statue-form (expiring), studying Fire Magic, very slow, extremely resistant
to hostile enchantments, unstealthy
A: rough black scales 1, (yellow scales 0), see invisible, deformed body,
deterioration 1, poison resistance, screaming 2, (slowness 0), slow metabolism
1, spit poison 2, weak 1, constrict 1, AC +9
a: Spit Poison, End Transformation, Bend Time, Temporal Distortion, Slouch, Step
From Time, Renounce Religion, Evoke Invisibility
}: 5/15 runes: decaying, slimy, silver, abyssal, gossamer


You were on level 1 of the Tomb of the Ancients.
You worshipped Cheibriados.
Cheibriados was exalted by your worship.
You were near starving.
You were a stone statue.
You visited 14 branches of the dungeon, and saw 65 of its levels.
You visited the Abyss 1 time.
You also visited: Labyrinth.

You collected 10310 gold pieces.
You spent 2145 gold pieces at shops.
You donated 2969 gold pieces to Zin.

Inventory:

Hand weapons
 w - a +9 broad axe of flaming (weapon)
 F - a +2 broad axe of chopping
Armour
 d - the +7 chain mail of the Fisher {rF+ Slay+2}
   (You found it on level 6 of the Pits of Slime)

   It affects your accuracy and damage with ranged weapons and melee attacks
   (+2).
   It protects you from fire.
 l - the +1 leather armour of Bedevilment (melded) {rElec rF+ Int+5}
   (You bought it in a shop on level 1 of the Depths)

   It affects your intelligence (+5).
   It protects you from fire.
   It insulates you from electricity.
 z - the +2 hat of Honour {rF- Str+5 Int+9}
   (Okawaru gifted it to you on level 4 of the Spider Nest)

   It affects your strength (+5).
   It affects your intelligence (+9).
   It makes you vulnerable to fire.
 I - a +1 shield of positive energy (worn)
 J - the +2 hat of Masoykh (worn) {*Contam rC+++ rN+ Int-2}
   (You found it on level 4 of the Spider Nest)

   It affects your intelligence (-2).
   It renders you almost immune to cold.
   It protects you from negative energy.
   It causes magical contamination when unequipped.
 K - the +2 pair of gloves of Honesty (melded) {rC+ Str+2 Dex+5}
   (Okawaru gifted it to you on level 5 of the Vaults)

   It affects your strength (+2).
   It affects your dexterity (+5).
   It protects you from cold.
 L - a +0 naga barding of cold resistance
 N - a +2 cloak of invisibility (worn)
 O - a +0 naga barding of fire resistance (melded)
 Q - the +0 scale mail "Kaustro" {rC+ rCorr Stlth+}
   (You found it on level 4 of the Realm of Zot)

   It protects you from cold.
   It protects you from acid and corrosion.
   It makes you more stealthy.
Jewellery
 a - the amulet "Umpyes" {Faith rElec Str-3 SInv Stlth+}
   (You took it off a deep elf demonologist on level 3 of the Elven Halls)

   [amulet of faith]

   It allows you to gain divine favour quickly.
   It affects your strength (-3).
   It insulates you from electricity.
   It lets you see invisible.
   It makes you more stealthy.
 g - the ring "Haciawn" (left hand) {rElec rF++ rN+ Str-2}
   (You found it on level 3 of the Vaults)

   [ring of positive energy]

   It affects your strength (-2).
   It greatly protects you from fire.
   It insulates you from electricity.
   It protects you from negative energy.
 V - the ring "Fevvenwe" (right hand) {rN+ Int+5}
   (You found it in a labyrinth)

   [ring of intelligence]

   It affects your intelligence (+5).
   It protects you from negative energy.
 W - an uncursed ring of protection from cold
 X - an uncursed ring of protection from fire
 Y - an amulet of clarity (around neck)
Magical devices
 f - a wand of digging (6)
 y - a wand of teleportation (9)
 M - a wand of disintegration (23)
Scrolls
 h - 22 scrolls of remove curse
 k - 7 scrolls of enchant armour
 m - 12 scrolls of teleportation
 n - 10 scrolls of magic mapping
 p - 2 scrolls of identify
 t - 9 scrolls of recharging
 A - 2 scrolls of blinking
 R - 9 scrolls of amnesia
Potions
 c - 14 potions of curing
 e - a potion of cure mutation
 o - 5 potions of might
 s - 5 potions of magic
 v - 3 potions of flight
 S - 5 potions of agility
 U - 3 potions of resistance
Books
 q - a book of Envenomations

   Spells                             Type                      Level
   a - Spider Form                    Transmutation/Poison         3
   b - Alistair's Intoxication        Transmutation/Poison         4
   c - Olgreb's Toxic Radiance        Poison                       4
   d - Poisonous Cloud                Conjuration/Poison/Air       6
 B - a book of the Sky

   Spells                             Type                      Level
   a - Summon Lightning Spire         Summoning/Air                4
   b - Airstrike                      Air                          4
   c - Silence                        Hexes/Air                    5
   d - Deflect Missiles               Charms/Air                   6
   e - Conjure Ball Lightning         Conjuration/Air              6
   f - Tornado                        Air                          9
 D - a book of Enchantments

   Spells                             Type                      Level
   a - Cause Fear                     Hexes                        4
   b - Silence                        Hexes/Air                    5
   c - Deflect Missiles               Charms/Air                   6
   d - Haste                          Charms                       6
   e - Discord                        Hexes                        8
 E - a book of Air

   Spells                             Type                      Level
   a - Shock                          Conjuration/Air              1
   b - Swiftness                      Charms/Air                   2
   c - Repel Missiles                 Charms/Air                   2
   d - Static Discharge               Conjuration/Air              3
   e - Lightning Bolt                 Conjuration/Air              5
 G - a Grand Grimoire

   Spells                             Type                      Level
   a - Monstrous Menagerie            Summoning                    6
   b - Summon Greater Demon           Summoning                    7
   c - Malign Gateway                 Summoning/Translocation      7
   d - Summon Horrible Things         Summoning                    8
 H - a book of Conjurations

   Spells                             Type                      Level
   a - Magic Dart                     Conjuration                  1
   b - Searing Ray                    Conjuration                  2
   c - Dazzling Spray                 Conjuration/Hexes            3
   d - Fulminant Prism                Conjuration/Hexes            4
   e - Iskenderun's Mystic Blast      Conjuration                  4
   f - Iskenderun's Battlesphere      Conjuration/Charms           5
 T - a manual of Fire Magic
Miscellaneous
 r - a legendary deck of defence {the Potion}
 x - a legendary deck of wonders {Wild Magic}
 C - a legendary deck of changes {the Alchemist}
 P - a legendary deck of summoning {drawn: 1}
 Z - a legendary deck of wonders {Dowsing, drawn: 2}
Comestibles
 b - 25 bread rations
 i - a chunk of flesh
 j - 4 slices of pizza
 u - 21 meat rations


   Skills:
 - Level 21.0 Fighting
 - Level 18.1 Axes
 - Level 14.6 Armour
 - Level 12.7 Dodging
 - Level 14.2 Shields
 - Level 5.0 Spellcasting
 * Level 22.6 Necromancy
 * Level 21.8 Transmutations
 - Level 12.3 Air Magic
 - Level 8.0 Earth Magic
 - Level 7.0 Invocations


You had 8 spell levels left.
You knew the following spells:

 Your Spells              Type           Power        Failure   Level  Hunger
a - Sublimation of Blood  Necr           #######...   0%          2    None
b - Stoneskin             Trmt/Erth      #######.     1%          2    None
c - Cigotuvi's Embrace    Necr           #######...   1%          5    #####..
d - Death Channel         Necr           #######...   1%          6    ######.
e - Regeneration          Chrm/Necr      ######....   1%          3    #......
f - Airstrike             Air            ######....   1%          4    ###....
g - Statue Form           Trmt/Erth      #######..    1%          6    ######.


Dungeon Overview and Level Annotations

Branches:
Dungeon (15/15)            Temple (1/1) D:7            Lair (8/8) D:9
  Swamp (4/4) Lair:6       Spider (4/4) Lair:5        Slime (6/6) Lair:6
    Orc (4/4) D:11            Elf (3/3) Orc:3        Vaults (5/5) D:13
  Crypt (3/3) Vaults:3       Tomb (1/3) Crypt:3      Depths (5/5) D:15
   Hell (1/1)                 Dis (0/7) Hell            Geh (0/7) Hell
    Coc (0/7) Hell            Tar (0/7) Hell            Zot (5/5) Depths:5

Altars:
Ashenzari
Cheibriados
Dithmenos
Elyvilon
Fedhas
Gozag
Kikubaaqudgha
Makhleb
Nemelex Xobeh
Okawaru
Qazlal
Ru
Sif Muna
Trog
Vehumet
Xom
Yredelemnul
Zin
The Shining One
Beogh
Jiyva

Shops:
D:4 *   Orc:4 *?!(   Elf:2 *   Vaults:3 [   Vaults:4 (   Vaults:5 !(:
Depths:1 [

Portals:
Hell: Depths:1 Depths:2 Depths:3 Depths:4 Depths:5
Abyss: Depths:4 Depths:5
Pandemonium: Depths:3 Depths:4
Ziggurat: Depths:1
Trove: Depths:2 (give wand of heal wounds (8))

Annotations:
Lair:3 exclusion: oklob plant
Lair:5 exclusion: 4 oklob plants
Elf:2 5 runed doors


Innate Abilities, Weirdness & Mutations

You cannot wear boots.
((Your serpentine skin is tough (AC +9).))
You have supernaturally acute eyesight.
Armour fits poorly on your strangely shaped body.
Your system is resistant to poisons.
((You cover ground very slowly.))
You have a slow metabolism.
You can spit poison.
You can use your snake-like lower body to constrict enemies.
(You are partially covered in rough black scales (AC +4, Dex -1).)
((You are partially covered in yellow scales (AC +2).))
Your body sometimes deteriorates upon taking damage.
You sometimes yell uncontrollably at your foes.
You are weak. (Str -2)


Message History

The death scarab waves its antennae.
You block the death scarab's attack. x2
The greater mummy completely misses you.
The golden dragon skeleton closely misses you.
You block the golden dragon skeleton's attack.
The golden dragon skeleton misses you. The flying skull completely misses you.
Unknown command.
Unknown command.
Unknown command.
Use which ability?
You fail to use your ability.
You block the death scarab's attack. You block the death scarab's attack.
The death scarab completely misses you. The death scarab bites you.
The death scarab closely misses you. You block the death scarab's attack.
The death scarab completely misses you. The flying skull hits you.
* * * LOW HITPOINT WARNING * * *
The death scarab barely misses you. The death scarab closely misses you.
The greater mummy hits you but does no damage.
The death scarab bites you. The death scarab bites you!
You die...

###########################
...........................
...........................
................§..........
................§§.........
...............MBB.........
.........z....BZ8§MV.......
.............§§BzBB§.....⌠.
................§.n§.......
...................§.......
...........................
........................8..
..........................
.....##################...
.....# .8.


You could see a greater mummy, a mummy priest, a jiangshi, 6 death scarabs, a
necrophage, 2 flying skulls and a golden dragon skeleton.

Vanquished Creatures
  An orb of fire (Zot:1)
  A juggernaut (Depths:3)
  3 ancient liches
  3 greater mummies
  Sojobo (Depths:3)
  Frederick (Depths:5)
  the Lernaean hydra (Swamp:4)
  Saint Roka (Crypt:1)
  3 curse toes (Zot:2)
  Geryon (Hell)
  10 golden dragons
  Nikola (Swamp:4)
  A bone dragon (Vaults:3)
  A profane servitor (Abyss:3)
  Arachne (Spider:3)
  7 liches
  12 tentacled monstrosities
  Asterion (Elf:2)
  14 titans
  15 deep elf blademasters
  32 acid blobs
  9 deep elf master archers
  Murray (Hell)
  13 sphinxes
  5 death cobs
  3 tentacled starspawn
  4 ancient champions
  3 thorn hunters
  Agnes (Spider:3)
  Frances (Elf:1)
  7 storm dragons
  6 shadow dragons
  Roxanne (Swamp:4)
  4 greater nagas (Depths:1)
  12 tengu reavers
  14 azure jellies
  3 revenants
  Wiglaf (Elf:3)
  31 fire giants
  4 ghost moths
  A draconian monk (Zot:3)
  10 vault wardens
  Donald (Vaults:4)
  2 draconian knights (Zot:3)
  2 iron dragons
  6 emperor scorpions (Spider:4)
  15 frost giants
  Aizul (Lair:5)
  3 draconian scorchers
  3 curse skulls
  8 deep elf sorcerers (Elf:3)
  2 spriggan defenders (Depths:3)
  2 balrugs
  A draconian zealot (Zot:3)
  5 ghouls (Crypt:1)
  3 draconian shifters
  38 stone giants
  6 draconian annihilators
  15 ironheart preservers
  18 very ugly things
  5 war gargoyles
  3 draconian callers
  10 deep elf demonologists
  6 vampire knights
  A salamander firebrand (Hell)
  5 white draconians
  9 black draconians
  8 green draconians
  2 salamander stormcallers
  16 red draconians
  A lorocyproca (Hell)
  17 deep elf annihilators
  5 yellow draconians
  5 purple draconians
  4 mottled draconians
  2 green deaths (Abyss:2)
  14 ettins
  8 eidola
  11 deep elf death magi
  5 mummy priests (Tomb:1)
  25 vault guards
  A minotaur (Lab)
  2 crystal guardians
  6 death oozes
  15 great orbs of eyes
  9 deep elf high priests
  2 kraken zombies (Hell)
  18 fire dragons
  An entropy weaver (shapeshifter) (Vaults:5)
  5 jiangshi
  Erolcha (D:11)
  8 entropy weavers
  Fannar (D:11)
  19 yaktaur captains
  A naga warrior (Abyss:2)
  2 quicksilver dragon skeletons
  4 spriggan air magi
  An alligator (shapeshifter) (Depths:5)
  4 anacondas (Depths:1)
  14 ice dragons
  8 alligators
  A hell beast (Hell)
  A death knight (Crypt:1)
  2 catoblepae (D:14)
  11 rakshasas
  19 hydras
  Erica (D:8)
  7 centaur warriors
  A ghost crab (Swamp:3)
  2 dancing weapons (Elf:2)
  A queen ant (Lair:8)
  The ghost of Garrluk the Bludgeoner, an experienced OgGl of Okawaru (D:10)
  7 thrashing horrors (Abyss:2)
  18 ogre magi
  12 deep troll shamans
  3 death yaks (Lair:8)
  A vampire mage (Crypt:2)
  7 tengu warriors
  A satyr (Abyss:3)
  4 spriggan berserkers
  15 deep troll earth magi
  17 small abominations
  Urug (D:11)
  A hell hog (Hell)
  4 soul eaters
  Sonja (D:15)
  A titan skeleton (Crypt:3)
  46 deep elf knights
  9 ice devils
  2 iron golems (Hell)
  3 wretched stars (Abyss:2)
  30 skeletal warriors
  7 iron trolls
  A shadow wraith (Vaults:5)
  A fire crab (Vaults:2)
  A spatial maelstrom (Abyss:2)
  11 hell knights
  A giant orange brain (shapeshifter) (Vaults:1)
  4 sun demons
  2 wizards
  14 flayed ghosts
  2 storm dragon skeletons
  4 unseen horrors
  50 deep trolls
  11 swamp dragons
  3 giant orange brains
  A quicksilver dragon simulacrum (Crypt:2)
  18 deep elf summoners
  2 lindwurms (Depths:1)
  An ice statue (Hell)
  6 shambling mangroves
  3 anaconda zombies
  7 hill giants
  A golden dragon skeleton (Crypt:1)
  25 deep elf conjurers
  3 anubis guards (Tomb:1)
  5 harpies (Vaults:3)
  16 ironbrand convokers
  11 griffons
  2 wolf spider zombies
  21 phantasmal warriors
  4 anaconda skeletons
  2 tengu zombies
  31 ugly things
  3 orc sorcerers
  14 orb spiders
  30 wolf spiders
  A harpy (shapeshifter) (D:14)
  9 necromancers
  A hornet (Swamp:2)
  A salamander (Depths:1)
  2 iron dragon zombies
  16 orc knights
  A wolf spider (shapeshifter) (Vaults:4)
  A manticore (D:13)
  A frost giant zombie (Crypt:1)
  11 shining eyes
  7 cyclopes
  A water nymph (Abyss:3)
  2 frost giant skeletons
  A salamander (shapeshifter) (Vaults:3)
  2 stone giant skeletons
  19 moths of wrath
  16 elephants
  An iron dragon skeleton (Depths:2)
  A manticore (shapeshifter) (D:15)
  2 octopodes (shapeshifter)
  An eye of devastation (shapeshifter) (Vaults:5)
  A worldbinder (Abyss:1)
  5 black mambas
  6 gargoyles
  5 rust devils
  6 fire giant skeletons (Crypt:3)
  6 guardian serpents
  A sixfirhy (Abyss:1)
  A torpor snail (shapeshifter) (Elf:1)
  A dire elephant zombie (Crypt:1)
  A titan simulacrum (Depths:4)
  8 komodo dragons
  4 molten gargoyles
  2 apocalypse crabs (Abyss:2)
  10 vault sentinels
  3 torpor snails
  An orange crystal statue (Vaults:4)
  18 spiny frogs
  A naga mage (Depths:1)
  5 eyes of devastation
  8 smoke demons
  An emperor scorpion zombie (Crypt:1)
  3 hellions
  10 kobold demonologists
  4 fire drakes
  A yaktaur (shapeshifter) (Vaults:5)
  5 demonic crawlers
  2 dire elephant skeletons
  An orange demon (Abyss:1)
  A tormentor (Abyss:2)
  An efreet (Zot:3)
  5 spriggan druids
  7 guardian mummies
  A grey draconian skeleton (Crypt:1)
  6 red devils
  4 tengu conjurers
  4 ancient zymes
  66 yaktaurs
  A harpy zombie (Crypt:1)
  A queen bee (Spider:3)
  6 giant leeches
  2 hydra zombies
  21 deep elf priests
  15 freezing wraiths
  A giant leech (shapeshifter) (Vaults:4)
  A minotaur zombie (Lab)
  A merfolk (shapeshifter) (Vaults:3)
  A wolf spider simulacrum (Crypt:1)
  A komodo dragon (shapeshifter) (Vaults:3)
  2 harpy skeletons
  5 raiju (Abyss:2)
  4 hydra skeletons
  9 polar bears
  An ettin zombie (Crypt:1)
  8 trolls
  219 slime creatures
  22 jumping spiders
  7 boulder beetles
  An ushabti (Tomb:1)
  A fire dragon zombie (Crypt:1)
  A black mamba zombie (Crypt:2)
  39 two-headed ogres
  19 bog bodies
  4 air elementals
  A snapping turtle (shapeshifter) (Vaults:5)
  9 fire dragon skeletons (Crypt:3)
  10 flying skulls
  A tarantella (shapeshifter) (Abyss:1)
  3 spriggan skeletons
  15 blink frogs
  2 vampires (Crypt:3)
  21 spriggans
  A yak (shapeshifter) (Vaults:5)
  2 ice dragon skeletons
  8 hungry ghosts
  7 fire bats
  A ynoxinul (Abyss:2)
  67 redbacks
  20 trapdoor spiders
  5 water elementals
  10 wraiths
  5 wyverns
  A hog (shapeshifter) (D:14)
  45 yaks
  20 tarantellas
  27 fire elementals
  5 shadows
  6 neqoxecs
  A spriggan (shapeshifter) (Depths:3)
  4 basilisks
  40 deep elf magi
  A chaos spawn (Abyss:2)
  39 deep elf fighters
  20 golden eyes
  21 swamp worms
  6 wargs
  Menkaure (D:6)
  16 hippogriffs
  38 vampire mosquitoes
  A spatial vortex (Abyss:2)
  5 soldier ants (Lair:8)
  17 wolves (Lair:8)
  14 water moccasins
  2 mottled dragons
  18 nagas
  8 hell hounds
  3 insubstantial wisps (Abyss:2)
  A hydra simulacrum (Hell)
  13 swamp drakes
  A water nymph skeleton (Crypt:2)
  7 sky beasts
  11 porcupines
  11 black bears
  10 large abominations
  A gelid demonspawn skeleton (Crypt:2)
  2 phantoms
  20 wasps
  25 spiders
  A boggart (Vaults:3)
  13 ice beasts
  47 orc warriors
  6 eyes of draining
  68 ogres
  18 crocodiles
  2 eyes of draining (shapeshifter)
  5 necrophages
  A yaktaur zombie (Crypt:1)
  A crocodile (shapeshifter) (Vaults:4)
  24 centaurs
  11 big kobolds
  27 giant frogs
  A yaktaur skeleton (Crypt:1)
  A fire drake skeleton (Crypt:1)
  3 wyvern zombies
  A glowing shapeshifter simulacrum (Depths:2)
  25 killer bees
  5 wyvern skeletons
  2 human simulacra
  5 scorpions
  20 wights
  3 electric eels
  4 giant frog zombies
  14 crimson imps
  22 starcursed masses
  A hound (D:7)
  7 centaur zombies
  A gnoll shaman (D:8)
  A human zombie (Crypt:1)
  3 giant frog skeletons
  46 jellies
  Crazy Yiuf (D:5)
  22 orc priests
  6 centaur skeletons
  4 iron imps
  Jessica (D:2)
  4 quasits
  10 iguanas
  15 worker ants
  29 orc wizards
  2 wolf simulacra (Lair:6)
  3 polar bear simulacra (Lair:6)
  19 sheep
  2 yak simulacra (Lair:6)
  A killer bee zombie (Crypt:2)
  A crocodile zombie (Crypt:1)
  A deep dwarf skeleton (Crypt:2)
  2 tengu skeletons (Crypt:2)
  A felid skeleton (Crypt:1)
  2 hound skeletons
  16 mummies
  14 adders
  68 river rats
  15 gnolls
  5 white imps
  A shadow imp (D:13)
  An ufetubus (Abyss:3)
  An adder zombie (D:8)
  14 oozes (Lair:3)
  5 worms
  188 orcs
  A bat skeleton (Crypt:2)
  3 giant cockroaches
  6 hobgoblins
  16 jackals
  6 quokkas
  2 ball pythons
  9 bats
  7 giant geckos
  A giant gecko skeleton (D:5)
  A giant gecko zombie (D:9)
  8 giant newts
  8 goblins
  A hobgoblin zombie (Crypt:2)
  29 kobolds
  A quokka skeleton (D:4)
  A quokka zombie (D:5)
  9 rats
  4 river rat simulacra (Lair:6)
  14 briar patches
  6 crawling corpses
  4 fire vortices (Vaults:2)
  11 fungi
  A lost soul (Crypt:3)
  10 plants
  2 starspawn tentacles (Abyss:1)
  2 tentacles (Hell)
3568 creatures vanquished.

Vanquished Creatures (collateral kills)
  the royal jelly (Slime:6)
  3 death oozes (Slime:6)
4 creatures vanquished.

Vanquished Creatures (others)
  A curse toe (Zot:3)
  A deep elf master archer (Crypt:1)
  A tengu reaver (Depths:3)
  A frost giant (Depths:4)
  2 fire giants
  A draconian scorcher (Zot:3)
  A very ugly thing (Depths:4)
  A yaktaur captain (Vaults:2)
  A tengu warrior (Depths:4)
  3 deep elf knights
  A wizard (D:12)
  A moth of wrath (Zot:3)
  A yaktaur (Vaults:2)
  A deep elf mage (Vaults:2)
  A deep elf fighter (Vaults:2)
  An orc warrior (Crypt:1)
  An orc (Crypt:1)
  3 briar patches
  A bush (Depths:4)
  A fire vortex (Vaults:2)
  31 fungi
  9 lost souls
  A lurking horror (Abyss:2)
  55 plants
  4 starspawn tentacles (Abyss:1)
  43 starspawn tentacle segments
  7 tentacles (Hell)
  188 tentacle segments (Hell)
363 creatures vanquished.

Grand Total: 3935 creatures vanquished

Notes
Turn   | Place    | Note
--------------------------------------------------------------
     0 | D:1      | Herrn the Naga Fighter began the quest for the Orb.
     0 | D:1      | Reached XP level 1. HP: 21/21 MP: 1/1
   159 | D:1      | Reached XP level 2. HP: 18/28 MP: 2/2
   505 | D:1      | Reached XP level 3. HP: 24/34 MP: 3/3
   799 | D:2      | Noticed Jessica
   909 | D:2      | Killed Jessica
   909 | D:2      | Reached XP level 4. HP: 34/42 MP: 4/4
  1461 | D:2      | Reached skill level 1 in Dodging
  1580 | D:3      | Reached XP level 5. HP: 49/49 MP: 5/5
  2411 | D:4      | Reached XP level 6. HP: 57/57 MP: 6/6
  2492 | D:4      | Got a distressingly furry chain mail
  2506 | D:4      | Identified the +2 chain mail of the Elephant {rC+ MR+} (You found it on level 4 of the Dungeon)
  2842 | D:4      | Found Roitadoz's Assorted Antiques.
  2883 | D:4      | Bought a scroll labeled KEFODA QISYR for 29 gold pieces
  2883 | D:4      | Bought a scroll labeled KEFODA QISYR for 29 gold pieces
  2883 | D:4      | Bought a scroll labeled BUANURPHYEFF for 29 gold pieces
  2883 | D:4      | Bought a scroll labeled BUANURPHYEFF for 29 gold pieces
  3053 | D:4      | Reached XP level 7. HP: 63/63 MP: 7/7
  3174 | D:4      | Reached skill level 4 in Fighting
  3237 | D:5      | Entered Level 5 of the Dungeon
  3245 | D:5      | Found a deep blue altar of Sif Muna.
  4214 | D:5      | Reached skill level 5 in Axes
  4214 | D:5      | Reached XP level 8. HP: 68/73 MP: 8/8
  4426 | D:5      | Noticed Crazy Yiuf
  4436 | D:5      | Killed Crazy Yiuf
  4448 | D:5      | Got a bone mace
  4454 | D:5      | Identified the +7 mace "Noatsu" {drain, Stlth+} (You found it on level 5 of the Dungeon)
  5059 | D:6      | Noticed Menkaure
  5210 | D:6      | Killed Menkaure
  5210 | D:6      | Reached skill level 6 in Axes
  5287 | D:6      | Reached skill level 5 in Fighting
  5303 | D:6      | Reached XP level 9. HP: 81/81 MP: 9/9
  5431 | D:6      | Found a sparkling altar of Nemelex Xobeh.
  5727 | D:7      | Reached skill level 7 in Axes
  5746 | D:7      | Found a snail-covered altar of Cheibriados.
  5778 | D:7      | Reached skill level 5 in Shields
  5927 | D:7      | Reached skill level 5 in Armour
  6346 | D:7      | Got a ripped robe
  6480 | D:7      | Found a staircase to the Ecumenical Temple.
  6489 | Temple   | Entered the Ecumenical Temple
  6498 | Temple   | Became a worshipper of Warmaster Okawaru
  6788 | D:8      | Reached skill level 1 in Invocations
  6790 | D:8      | Reached skill level 8 in Axes
  6790 | D:8      | Reached XP level 10. HP: 91/91 MP: 7/10
  6927 | D:8      | Noticed Erica
  6956 | D:8      | Killed Erica
  6956 | D:8      | Acquired Okawaru's first power
  6956 | D:8      | Reached skill level 5 in Dodging
  7046 | D:8      | Found a burning altar of Makhleb.
  7377 | D:8      | Got an ancient hand axe
  7378 | D:8      | Identified the +4 hand axe "Coit" {chop, *Noise rPois rC- rN+} (You found it on level 8 of the Dungeon)
  7592 | D:8      | Found a shadowy altar of Dithmenos.
  7595 | D:8      | Found a basalt altar of Yredelemnul.
  7598 | D:8      | Found a bloodstained altar of Trog.
  7856 | D:9      | Found a staircase to the Lair.
  8484 | D:9      | Reached skill level 9 in Axes
  8882 | D:10     | Entered Level 10 of the Dungeon
  8919 | D:10     | Reached XP level 11. HP: 89/99 MP: 10/13
  8952 | D:10     | Got a crude battleaxe
  8966 | D:10     | Identified the +7 battleaxe of Evil {elec, MR+ Str+2} (You found it on level 10 of the Dungeon)
  9230 | D:10     | Learned a level 2 spell: Sublimation of Blood
  9661 | D:11     | Noticed a sun demon
  9674 | D:11     | Reached skill level 1 in Necromancy
  9795 | D:11     | Found a staircase to the Orcish Mines.
  9813 | D:11     | Noticed Urug
  9813 | D:11     | Reached skill level 10 in Axes
  9827 | D:11     | Killed Urug
 10025 | D:11     | Got a smelly plate armour
 10028 | D:11     | Noticed Fannar
 10042 | D:11     | Received a gift from Okawaru
 10058 | D:11     | Killed Fannar
 10058 | D:11     | Acquired Okawaru's second power
 10085 | D:10     | Identified the +1 plate armour of Fituill {MR- Int+7} (You found it on level 11 of the Dungeon)
 10118 | D:11     | Noticed an unseen horror
 10122 | D:11     | Killed an unseen horror
 10122 | D:11     | Reached skill level 5 in Invocations
 10287 | Orc:1    | Entered Level 1 of the Orcish Mines
 10562 | Orc:2    | Reached XP level 12. HP: 110/110 MP: 16/16
 10602 | Orc:1    | Received a gift from Okawaru
 11250 | Orc:4    | Entered Level 4 of the Orcish Mines
 11253 | Orc:4    | Reached skill level 11 in Axes
 11733 | Orc:3    | Found a roughly hewn altar of Beogh.
 11781 | Orc:3    | Found a staircase to the Elven Halls.
 12172 | Orc:3    | Found a roughly hewn altar of Beogh.
 12370 | Orc:4    | Noticed an ogre mage
 12372 | Orc:4    | Noticed an ogre mage
 12379 | Orc:4    | Noticed an ogre mage
 12382 | Orc:4    | Noticed an ogre mage
 12385 | Orc:4    | Killed an ogre mage
 12386 | Orc:4    | Killed an ogre mage
 12393 | Orc:4    | Reached skill level 12 in Axes
 12395 | Orc:4    | Killed an ogre mage
 12397 | Orc:4    | Killed an ogre mage
 13075 | Orc:4    | Received a gift from Okawaru
 13127 | Orc:4    | Found Juezusmuzxu's Weapon Boutique.
 13127 | Orc:4    | Found Okkaomi's Distillery.
 13128 | Orc:4    | Found Busaal's Magic Scroll Shoppe.
 13128 | Orc:4    | Found Fyzu's General Store.
 13143 | Orc:4    | Gained mutation: You can use your snake-like lower body to constrict enemies. [Naga growth]
 13143 | Orc:4    | Reached XP level 13. HP: 107/118 MP: 15/17
 13404 | D:11     | Noticed Erolcha
 13411 | D:11     | Killed Erolcha
 13705 | D:12     | Found a stormy altar of Qazlal.
 13849 | D:12     | Reached skill level 13 in Axes
 14442 | D:12     | Found a bloodstained altar of Trog.
 14589 | D:12     | Reached skill level 5 in Necromancy
 14690 | D:13     | Received a gift from Okawaru
 15131 | D:13     | Found a gate to the Vaults.
 15663 | D:13     | Found an iron altar of Okawaru.
 16658 | D:14     | Received a gift from Okawaru
 16711 | D:14     | Reached XP level 14. HP: 129/129 MP: 19/19
 16738 | D:14     | Reached skill level 14 in Axes
 17356 | D:15     | Entered Level 15 of the Dungeon
 18011 | D:15     | Noticed Sonja
 18417 | Lair:1   | Entered Level 1 of the Lair of Beasts
 19867 | Lair:2   | You fall through a shaft!
 19888 | Lair:3   | Reached skill level 15 in Axes
 20558 | Lair:3   | Received a gift from Okawaru
 20561 | Lair:3   | Got a bloodstained naga barding {god gift}
 20575 | Lair:3   | Identified the -5 naga barding "Zeehon" {Int+4} (Okawaru gifted it to you on level 3 of the Lair of Beasts)
 21516 | Lair:5   | Found a labyrinth entrance.
 21547 | Lab      | Entered a labyrinth
 22084 | Lab      | Got a warped bronze ring
 22112 | Lab      | Identified the ring "Fevvenwe" {rN+ Int+5} (You found it in a labyrinth)
 22117 | Lab      | Got a dazzling shield
 22129 | Lab      | Identified the -7 shield "Etasmon" {Dex+4} (You found it in a labyrinth)
 22206 | Lair:4   | Upgraded the game from 0.17-a0-1927-g319369b to 0.17-a0-1941-gcc30b76
 22297 | Lair:4   | Reached XP level 15. HP: 138/138 MP: 20/20
 22808 | Lair:5   | Reached skill level 10 in Fighting
 22866 | Lair:5   | Found a hole to the Spider Nest.
 23154 | Lair:5   | Identified the Tome of Evil Transmigration
 23434 | Lair:6   | Found a staircase to the Swamp.
 23475 | Lair:6   | Found a staircase to the Slime Pits.
 23563 | Lair:6   | Found a viscous altar of Jiyva.
 24477 | Lair:7   | Received a gift from Okawaru
 24481 | Lair:7   | Identified the cursed -5 robe of Misfortune {-Cast *Contam *Tele EV-4 Str-2 Int-2 Dex-2 Stlth-- *Curse} (You found it on level 7 of the Dungeon)
 24484 | Lair:7   | Got a transparent robe {god gift}
 24731 | Lair:7   | Reached skill level 16 in Axes
 24741 | Lair:7   | Learned a level 2 spell: Stoneskin
 24747 | Lair:7   | Learned a level 5 spell: Cigotuvi's Embrace
 25259 | Lair:8   | Entered Level 8 of the Lair of Beasts
 25456 | Lair:8   | Reached skill level 1 in Transmutations
 25939 | Lair:8   | Got a crude robe
 26248 | Lair:8   | Received a gift from Okawaru
 26401 | Lair:8   | Identified the cursed +0 robe of the Harvest Moon {*Contam rElec rPois rN+} (You found it on level 8 of the Lair of Beasts)
 26415 | Lair:8   | Identified the +0 robe of the Dolphin {Str+4} (Okawaru gifted it to you on level 7 of the Lair of Beasts)
 26429 | Lair:8   | Gained mutation: Your spells are a little easier to cast, but a little less powerful. [mutagenic glow]
 26465 | Lair:8   | Got a shimmering leather armour
 26466 | Lair:8   | Got a crystal trident
 26821 | Lair:8   | Reached XP level 16. HP: 144/147 MP: 21/21
 26829 | Lair:8   | Learned a level 6 spell: Death Channel
 27081 | Lair:8   | Identified the cursed +0 leather armour of Trog's Esteem {+Inv Regen+} (You found it on level 8 of the Lair of Beasts)
 27160 | Swamp:1  | Entered Level 1 of the Swamp
 28585 | Swamp:2  | Received a gift from Okawaru
 28588 | Swamp:2  | Identified the +0 trident "Inaneamp" {holy, rElec} (You found it on level 8 of the Lair of Beasts)
 29290 | Swamp:3  | Noticed a thorn hunter
 29304 | Swamp:3  | Killed a thorn hunter
 29304 | Swamp:3  | Reached skill level 17 in Axes
 29817 | Swamp:4  | Entered Level 4 of the Swamp
 29817 | Swamp:4  | Noticed Nikola
 29817 | Swamp:4  | Noticed Roxanne
 29817 | Swamp:4  | Noticed a thorn hunter
 30458 | Swamp:4  | Received a gift from Okawaru
 30679 | Swamp:4  | Killed Nikola
 30679 | Swamp:4  | Received a gift from Okawaru
 30707 | Swamp:4  | Got a scorched war axe {god gift}
 30708 | Swamp:4  | Identified the +3 war axe of the Wasteland {freeze, rN++} (Okawaru gifted it to you on level 4 of the Swamp)
 30808 | Swamp:4  | Reached XP level 17. HP: 128/157 MP: 19/22
 30815 | Swamp:4  | Reached skill level 1 in Spellcasting
 31379 | Swamp:4  | Killed a thorn hunter
 31899 | Swamp:4  | Received a gift from Okawaru
 31936 | Swamp:4  | Noticed the 27-headed Lernaean hydra
 31948 | Swamp:4  | Killed the 20-headed Lernaean hydra
 31948 | Swamp:4  | Reached skill level 18 in Axes
 31948 | Swamp:4  | Reached skill level 5 in Transmutations
 32111 | Swamp:4  | Got a decaying rune of Zot
 32250 | Swamp:4  | Killed Roxanne
 32252 | Swamp:4  | Identified Roxanne's Compendium of Clay and Transmigration (You took it off Roxanne on level 4 of the Swamp)
 32487 | Swamp:4  | Learned a level 3 spell: Regeneration
 32490 | Swamp:4  | Got a fine morningstar {god gift}
 32491 | Swamp:4  | Identified the +1 morningstar "Unotejut" {freeze, -Tele rN++} (Okawaru gifted it to you on level 4 of the Swamp)
 32495 | Swamp:4  | Gained mutation: You expend magic power (3 MP) to strengthen your wands. [potion of mutation]
 32495 | Swamp:4  | Gained mutation: Your mind is acute. (Int +2) [potion of mutation]
 32495 | Swamp:4  | Lost mutation: Your mind is acute. (Int +2) [potion of mutation]
 32496 | Swamp:4  | Lost mutation: You expend magic power (3 MP) to strengthen your wands. [potion of cure mutation]
 32496 | Swamp:4  | Lost mutation: Your spells are a little easier to cast, but a little less powerful. [potion of cure mutation]
 32497 | Swamp:4  | Gained mutation: Your mind is acute. (Int +2) [potion of mutation]
 32497 | Swamp:4  | Gained mutation: You have a somewhat thin skeletal structure (Dex +2, Stealth). [potion of mutation]
 32498 | Swamp:4  | Gained mutation: Your mind is very acute. (Int +4) [potion of beneficial mutation]
 32664 | Spider:1 | Entered Level 1 of the Spider Nest
 32664 | Spider:1 | Noticed Aizul
 32685 | Lair:5   | Killed Aizul
 33459 | Spider:1 | Received a gift from Okawaru
 35027 | Spider:2 | Reached skill level 10 in Dodging
 35038 | Spider:2 | Learned a level 4 spell: Airstrike
 35212 | Spider:3 | Noticed Arachne
 35212 | Spider:3 | Noticed Agnes
 35219 | Spider:3 | Killed Agnes
 35242 | Spider:3 | Reached skill level 1 in Air Magic
 35253 | Spider:3 | Killed Arachne
 35253 | Spider:3 | Reached XP level 18. HP: 63/168 MP: 12/23
 36037 | Spider:4 | Entered Level 4 of the Spider Nest
 36126 | Spider:3 | Reached skill level 10 in Necromancy
 36807 | Spider:4 | Received a gift from Okawaru
 37009 | Spider:4 | Reached skill level 10 in Armour
 38242 | Spider:4 | Got a gossamer rune of Zot
 38488 | Spider:4 | Received a gift from Okawaru
 38489 | Spider:4 | Got a translucent hat {god gift}
 38504 | Spider:4 | Identified the +2 hat of Honour {rF- Str+5 Int+9} (Okawaru gifted it to you on level 4 of the Spider Nest)
 38878 | Spider:4 | Got a heavily runed hat
 38879 | Spider:4 | Identified the +2 hat of Masoykh {*Contam rC+++ rN+ Int-2} (You found it on level 4 of the Spider Nest)
 39261 | D:10     | Noticed Garrluk's ghost (experienced OgGl)
 39271 | D:10     | Killed Garrluk's ghost
 39403 | Elf:1    | Entered Level 1 of the Elven Halls
 39425 | Elf:1    | Found a radiant altar of Vehumet.
 39718 | Elf:1    | Noticed Frances
 39729 | Elf:1    | Killed Frances
 40084 | Elf:1    | Reached skill level 5 in Spellcasting
 40733 | Elf:2    | Found an ancient bone altar of Kikubaaqudgha.
 41196 | Elf:2    | Reached XP level 19. HP: 158/178 MP: 24/26
 41294 | Elf:2    | Found a huge runed gate.
 41300 | Elf:2    | Found a huge runed gate.
 41300 | Elf:2    | Found a huge runed gate.
 41300 | Elf:2    | Found a huge runed gate.
 41302 | Elf:2    | Found a huge runed gate.
 41372 | Elf:2    | Received a gift from Okawaru
 41538 | Elf:2    | Got an ichor-stained morningstar
 41657 | Elf:2    | Noticed Asterion
 41670 | Elf:2    | Killed Asterion
 41697 | Elf:2    | Found Assen's Assorted Antiques.
 41701 | Elf:2    | Bought a transparent jade ring for 185 gold pieces
 41701 | Elf:2    | Identified the +7 morningstar "Jichank" {pain, Stlth+} (You found it on level 2 of the Elven Halls)
 41704 | Elf:2    | Bought a runed cloak for 166 gold pieces
 41705 | Elf:2    | Identified the ring of Xom's Whimsicality {+Inv Str+3} (You bought it in a shop on level 2 of the Elven Halls)
 41800 | Elf:3    | Entered Level 3 of the Elven Halls
 41874 | Elf:3    | Found a radiant altar of Vehumet.
 42218 | Elf:3    | Received a gift from Okawaru
 42939 | Elf:3    | Reached skill level 5 in Air Magic
 43047 | Elf:3    | Got a steaming flail {crush}
 43117 | Elf:3    | Got a steaming spear {freeze}
 43152 | Elf:3    | Identified the +10 flail of Quantum Leap {crush, rElec rPois MP-9} (You took it off a deep elf mage on level 3 of the Elven Halls)
 43153 | Elf:3    | Identified the cursed +3 spear of Tivileoz {freeze, rC+} (You took it off a deep elf demonologist on level 3 of the Elven Halls)
 43223 | Elf:3    | Got a bound lapis lazuli ring
 43233 | Elf:3    | Got a crystal quarterstaff {drain}
 43458 | Elf:3    | Identified the +5 quarterstaff of the Moon {drain, +Blink rC+} (You took it off a deep elf death mage on level 3 of the Elven Halls)
 43461 | Elf:3    | Identified the ring of Springtime {rF- rC+ MR++} (You took it off a deep elf death mage on level 3 of the Elven Halls)
 43492 | Elf:3    | Got a steaming dire flail {distort}
 43594 | Elf:3    | Received a gift from Okawaru
 43703 | Elf:3    | Identified the +9 dire flail of Truth {distort, Str+3} (You took it off a deep elf sorcerer on level 3 of the Elven Halls)
 43707 | Elf:3    | Got a flickering steel amulet
 43708 | Elf:3    | Identified the amulet "Umpyes" {Faith rElec Str-3 SInv Stlth+} (You took it off a deep elf demonologist on level 3 of the Elven Halls)
 43741 | Elf:3    | Noticed Wiglaf
 43767 | Elf:3    | Killed Wiglaf
 43769 | Elf:3    | Reached XP level 20. HP: 121/192 MP: 18/27
 43936 | Elf:3    | Received a gift from Okawaru
 44407 | Elf:3    | Identified Iskenderun's Catalogue of Confrontation and Ignition
 44475 | Elf:3    | Received a gift from Okawaru
 44548 | Elf:3    | Reached skill level 15 in Fighting
 44898 | Elf:3    | Got a twisted morningstar {flame}
 44946 | Elf:3    | Identified the cursed +1 morningstar of Symmetry {flame, *Rage rF+++ Str+3 SInv} (You took it off a deep elf summoner on level 3 of the Elven Halls)
 44948 | Elf:3    | Got a slimy war axe {god gift}
 44953 | Elf:3    | Identified the +6 war axe of Exchange {vamp, +Inv rC+ Int+4 Dex-4} (Okawaru gifted it to you on level 3 of the Elven Halls)
 44964 | Elf:3    | Got a faintly glowing whip {freeze}
 44965 | Elf:3    | Identified the +8 whip of Contention {freeze, rElec rPois Str-5 Dex+2} (You took it off a deep elf high priest on level 3 of the Elven Halls)
 45280 | Vaults:1 | Entered Level 1 of the Vaults
 45802 | Vaults:1 | Got a fine brass amulet
 45804 | Vaults:1 | Identified the amulet "Nonabb" {+Rage +Inv rPois rN+ Dex-2} (You found it on level 1 of the Vaults)
 46685 | Vaults:2 | Received a gift from Okawaru
 47354 | Vaults:2 | Lost mutation: You have a somewhat thin skeletal structure (Dex +2, Stealth). [helix card]
 47456 | Vaults:2 | Gained mutation: You are partially covered in yellow scales (AC +2). [potion of mutation]
 47456 | Vaults:2 | Gained mutation: Your flesh is heat resistant. [potion of mutation]
 47501 | Vaults:2 | Reached XP level 21. HP: 184/204 MP: 24/28
 47677 | Vaults:2 | Reached skill level 10 in Transmutations
 47865 | Vaults:2 | Received a gift from Okawaru
 48150 | Vaults:3 | Found a staircase to the Crypt.
 48155 | Vaults:3 | Got a heavily runed ring mail
 48166 | Vaults:3 | Identified the +5 ring mail of the Eight Boll Weevils {*Contam rN++} (You found it on level 3 of the Vaults)
 48251 | Vaults:3 | Found Rariror's Armour Emporium.
 48267 | Vaults:3 | Bought the +9 plate armour of the Ego {Dex+4 Slay+2} for 1377 gold pieces
 48314 | Vaults:3 | Gained mutation: Your spells are a little easier to cast, but a little less powerful. [mutagenic glow]
 48663 | Vaults:3 | Got a transparent bronze ring
 48710 | Vaults:3 | Identified the ring "Haciawn" {rElec rF++ rN+ Str-2} (You found it on level 3 of the Vaults)
 49986 | Vaults:4 | Found Madweon's Weapon Boutique.
 50152 | Vaults:4 | Found a radiant altar of Vehumet.
 50256 | Vaults:4 | Received a gift from Okawaru
 50266 | Vaults:4 | Noticed Donald
 50278 | Vaults:4 | Killed Donald
 50280 | Vaults:4 | Reached XP level 22. HP: 209/218 MP: 27/29
 50747 | Vaults:5 | Entered Level 5 of the Vaults
 51462 | Vaults:5 | Received a gift from Okawaru
 52333 | Vaults:5 | Received a gift from Okawaru
 52345 | Vaults:5 | Reached skill level 10 in Air Magic
 52357 | Vaults:5 | Reached XP level 23. HP: 62/230 MP: 30/30
 53079 | Vaults:5 | Received a gift from Okawaru
 53677 | Vaults:5 | Reached skill level 19 in Fighting
 53795 | Vaults:5 | Got a slimy morningstar {speed}
 53796 | Vaults:5 | Identified the +1 morningstar "Bachumu" {speed, rN+ MR+ Int+4 Stlth+} (You took it off a deep elf high priest on level 5 of the Vaults)
 54299 | Vaults:5 | Received a gift from Okawaru
 54654 | Vaults:5 | Found Piacs's Book Shop.
 54656 | Vaults:5 | Found Quschy's Distillery.
 54790 | Vaults:5 | Found Ewnankic's Weapon Shoppe.
 54925 | Vaults:5 | Identified the Tome of Supportive Arcane Weapons
 55050 | Vaults:5 | Gained mutation: You are partially covered in rough black scales (AC +4, Dex -1). [potion of mutation]
 55050 | Vaults:5 | Gained mutation: You tend to lose your temper in combat. [potion of mutation]
 55051 | Vaults:5 | Gained mutation: You often lose your temper in combat. [potion of mutation]
 55051 | Vaults:5 | Gained mutation: You have an uncontrollable temper. [potion of mutation]
 55052 | Vaults:5 | Lost mutation: Your mind is very acute. (Int +4) [potion of mutation]
 55052 | Vaults:5 | Gained mutation: You are robust (+10% HP). [potion of mutation]
 55053 | Vaults:5 | Lost mutation: Your flesh is heat resistant. [potion of cure mutation]
 55053 | Vaults:5 | Lost mutation: Your mind is acute. (Int +2) [potion of cure mutation]
 55053 | Vaults:5 | Lost mutation: You have an uncontrollable temper. [potion of cure mutation]
 55053 | Vaults:5 | Lost mutation: You often lose your temper in combat. [potion of cure mutation]
 55053 | Vaults:5 | Lost mutation: You are robust (+10% HP). [potion of cure mutation]
 55053 | Vaults:5 | Lost mutation: Your spells are a little easier to cast, but a little less powerful. [potion of cure mutation]
 55053 | Vaults:5 | Lost mutation: You tend to lose your temper in combat. [potion of cure mutation]
 55116 | Vaults:5 | Got a silver rune of Zot
 55269 | Vaults:5 | Received a gift from Okawaru
 55272 | Vaults:5 | Got a pair of transparent gloves {god gift}
 55283 | Vaults:5 | Identified the +2 pair of gloves of Honesty {rC+ Str+2 Dex+5} (Okawaru gifted it to you on level 5 of the Vaults)
 55377 | Vaults:5 | Got a shimmering war axe {god gift}
 55378 | Vaults:5 | Identified the +10 war axe of Law {freeze, rPois Str+4 Dex-5 Stlth+} (Okawaru gifted it to you on level 5 of the Vaults)
 55673 | D:15     | Killed Sonja
 56030 | D:15     | Found a staircase to the Depths.
 56337 | Depths:1 | Entered Level 1 of the Depths
 56431 | Depths:1 | Reached XP level 24. HP: 211/243 MP: 30/30
 56876 | Depths:1 | Found a gateway to a ziggurat.
 56902 | Depths:1 | Found Xupes's Antique Armour Boutique.
 56970 | Depths:1 | Reached skill level 10 in Shields
 57973 | Depths:1 | Found a gateway to Hell.
 58165 | Depths:2 | Received a gift from Okawaru
 58401 | Depths:2 | Found a portal to a secret trove of treasure.
 58409 | Depths:2 | Reached skill level 20 in Fighting
 59266 | Depths:3 | Noticed Sojobo
 59301 | Depths:3 | Killed Sojobo
 59472 | Depths:3 | Received a gift from Okawaru
 59496 | Depths:3 | Found a one-way gate leading to the halls of Pandemonium.
 59536 | Depths:3 | Identified the Incunabulum of the Snowflakes (You found it on level 3 of the Depths)
 59978 | Depths:3 | Noticed a juggernaut
 60001 | Depths:3 | Killed a juggernaut
 60001 | Depths:3 | Reached skill level 15 in Necromancy
 60022 | Depths:3 | Reached XP level 25. HP: 226/254 MP: 30/30
 60622 | Depths:5 | Entered Level 5 of the Depths
 61001 | Depths:4 | Received a gift from Okawaru
 61072 | Depths:4 | Found a one-way gate to the infinite horrors of the Abyss.
 61933 | Depths:5 | Noticed Frederick
 61954 | Depths:5 | Killed Frederick
 63086 | Depths:5 | Received a gift from Okawaru
 63378 | Depths:5 | Reached skill level 21 in Fighting
 63406 | Depths:5 | Found a gate to the Realm of Zot.
 63469 | Depths:5 | Upgraded the game from 0.17-a0-1941-gcc30b76 to 0.17-a0-1945-gfe993df
 63866 | Temple   | Fell from the grace of Okawaru
 63866 | Temple   | Became a worshipper of Zin the Law-Giver
 63866 | Temple   | Acquired Zin's first power
 63866 | Temple   | Acquired Zin's second power
 63870 | Temple   | Donated 2834 gold pieces to Zin
 63889 | D:7      | Acquired Zin's third power
 64171 | Depths:2 | Acquired Zin's fourth power
 64252 | Depths:4 | Voluntarily entered the Abyss.
 64262 | Abyss:1  | Found a corrupted altar of Lugonu.
 64371 | Abyss:1  | Reached XP level 26. HP: 243/266 MP: 30/30
 64641 | Abyss:2  | Paralysed by accursed screaming for 1 turns
 64647 | Abyss:2  | Paralysed by accursed screaming for 1 turns
 64655 | Abyss:2  | Paralysed by accursed screaming for 1 turns
 65276 | Abyss:2  | Noticed an ancient lich
 65300 | Abyss:2  | Killed an ancient lich
 65762 | Abyss:2  | Found a corrupted altar of Lugonu.
 65930 | Abyss:2  | Found a corrupted altar of Lugonu.
 66277 | Abyss:3  | Got an abyssal rune of Zot
 66561 | Abyss:3  | Gained mutation: You occasionally shout uncontrollably at your foes. [a neqoxec]
 66596 | Depths:4 | Escaped the Abyss
 67070 | Depths:2 | Reached skill level 15 in Transmutations
 67129 | Depths:1 | Bought a shimmering leather armour for 301 gold pieces
 67129 | Depths:1 | Identified the +1 leather armour of Bedevilment {rElec rF+ Int+5} (You bought it in a shop on level 1 of the Depths)
 67440 | D:7      | Fell from the grace of Zin
 67440 | D:7      | Became a worshipper of Cheibriados the Contemplative
 67732 | Crypt:1  | Entered Level 1 of the Crypt
 67889 | Crypt:1  | Acquired Cheibriados's first power
 68117 | Crypt:1  | Noticed Saint Roka
 68131 | Crypt:1  | Killed Saint Roka
 68771 | Crypt:1  | Acquired Cheibriados's second power
 68977 | Crypt:1  | Noticed a greater mummy
 68997 | Crypt:1  | Killed a greater mummy
 70078 | Crypt:3  | Entered Level 3 of the Crypt
 70091 | Crypt:3  | Acquired Cheibriados's third power
 70196 | Crypt:2  | Reached XP level 27. HP: 73/273 MP: 27/30
 71168 | Crypt:2  | Found an ancient bone altar of Kikubaaqudgha.
 71278 | Crypt:2  | Acquired Cheibriados's fourth power
 71872 | Crypt:3  | Was forgiven by Okawaru
 72516 | Crypt:3  | Identified the Incunabulum of Black Magic
 73149 | Crypt:3  | Found an ancient bone altar of Kikubaaqudgha.
 73365 | Crypt:3  | Noticed an ancient lich
 73372 | Crypt:3  | Killed an ancient lich
 73741 | Crypt:3  | Found a staircase to the Tomb.
 73741 | Crypt:3  | Noticed an ancient lich
 73768 | Crypt:3  | Killed an ancient lich
 74427 | Zot:1    | Entered Level 1 of the Realm of Zot
 75111 | Zot:1    | Noticed an orb of fire
 75123 | Zot:1    | Killed an orb of fire
 75612 | Zot:5    | Entered Level 5 of the Realm of Zot
 75637 | Zot:4    | Got a twisted scale mail
 75638 | Zot:4    | Identified the +0 scale mail "Kaustro" {rC+ rCorr Stlth+} (You found it on level 4 of the Realm of Zot)
 78725 | Slime:1  | Entered Level 1 of the Pits of Slime
 78911 | Slime:4  | Found a viscous altar of Jiyva.
 79631 | Slime:3  | Gained mutation: You are weak. (Str -2) [a shining eye]
 79632 | Slime:3  | Gained mutation: Your body sometimes deteriorates upon taking damage. [a shining eye]
 79634 | Slime:3  | Gained mutation: You sometimes yell uncontrollably at your foes. [a shining eye]
 79707 | Slime:6  | Entered Level 6 of the Pits of Slime
 79872 | Slime:6  | Noticed the royal jelly
 80020 | Slime:6  | Killed the royal jelly
 81666 | Slime:6  | Got a twisted leather armour
 81686 | Slime:6  | Identified the cursed +0 leather armour of Hoogav {*Corrode rElec rN+ Dex+6} (You found it on level 6 of the Pits of Slime)
 81699 | Slime:6  | Learned a level 6 spell: Statue Form
 81776 | Slime:6  | Got a translucent chain mail
 81782 | Slime:6  | Got a slimy rune of Zot
 81795 | Slime:6  | Identified the Collected Works on Summoning (You found it on level 6 of the Pits of Slime)
 81853 | Slime:6  | Identified the +7 chain mail of the Fisher {rF+ Slay+2} (You found it on level 6 of the Pits of Slime)
 81857 | Slime:6  | Got a pitted turquoise ring
 81858 | Slime:6  | Identified the ring "Notemav" {Ice -Tele Dex+9} (You found it on level 6 of the Pits of Slime)
 83290 | Slime:2  | Reached skill level 22 in Necromancy
 83748 | Slime:1  | Reached skill level 1 in Earth Magic
 84166 | Hell     | Entered the Vestibule of Hell
 84168 | Hell     | Noticed Geryon
 84222 | Hell     | Noticed Murray
 84258 | Hell     | Killed Murray
 84282 | Hell     | HP: 6/273 [smoke demon/divine providence (13)]
 84776 | Hell     | Killed Geryon
 84776 | Hell     | Reached skill level 5 in Earth Magic
 84943 | Hell     | Found a gateway to the ashen valley of Gehenna.
 85071 | Hell     | Found a gateway to the freezing wastes of Cocytus.
 85137 | Hell     | Found a gateway to the decaying netherworld of Tartarus.
 85213 | Hell     | Found a gateway to the Iron City of Dis.
 85880 | Tomb:1   | Entered Level 1 of the Tomb of the Ancients
 86046 | Tomb:1   | HP: 9/354 [death scarab[a greater mummy] (12)]
 86047 | Tomb:1   | Slain by a death scarab

Vault maps used:
D:1:      dpeg_arrival_simpleton_c
D:2:      uniq_jessica
D:4:      serial_shops, shop
D:5:      first_bread, kennysheep_pointless_box, led_sif_book,
          uniq_crazy_yiuf_cottage
D:6:      basic_altar, nrook_pool_corridor, uniq_menkaure
D:7:      nicolae_overflow_crystal_walls, temple_hall
D:8:      bloody_makhleb, grunt_temple_overflow_diamond, grunt_pizzeria,
          uniq_erica
D:9:      boulder_corridor_run, erik_lair_orcish_takeover
D:11:     orc_0_dummy, uniq_fannar, uniq_erolcha, uniq_urug
D:12:     basic_altar, trog_wizard
D:13:     david_vaults_4, basic_altar
D:14:     minivault_25, kennysheep_diamond
D:15:     grunt_enter_depths_snipers, minmay_misc_feat_rugged, spider_trap,
          st_stairs_7, minmay_misc_feat_cross, uniq_sonja
Temple:   water_room_temple_a_12
Lair:1:   ldierk_geyser, serial_bayou_pond_b
Lair:2:   lemuel_fruit_tree
Lair:3:   lemuel_slime
Lair:4:   beast_lair_carwin_4, lemuel_fruit_fields, bh_autumn_forest_stairs
Lair:5:   minmay_lair_oklob_chamber, spider_nest_entry_rubble,
          lab_entry_generic, infiniplex_staircase_pool_2
Lair:6:   minmay_swamp_entry_swarm, slime_altar_1, eino_house_with_fridge
Lair:7:   grunt_megastairs_4
Lair:8:   minmay_lair_end_enchanted_forest, wad_woods_antlair
Swamp:1:  evilmike_swamp_ruin_rubble_1, swamp_pool1, hangedman_swamp_lotus
Swamp:2:  evilmike_swamp_ruin_house_6, swamp_pool5, st_swamp_mini
Swamp:3:  serial_swamp_ruin, evilmike_swamp_ruin_house_1,
          evilmike_swamp_ruin_house_4, hangedman_swamp_ruin_wall
Swamp:4:  grunt_swamp_rune_castle, swamp_pool2, infiniplex_staircase_pool,
          uniq_nikola, uniq_roxanne
Spider:1: uniq_aizul
Spider:3: nicolae_looking_at_the_future, uniq_arachne, uniq_agnes
Spider:4: grunt_spider_rune_circles
Slime:2:  nicolae_slime_phagocytosis
Slime:4:  basic_altar
Slime:5:  basic_altar
Orc:3:    nicolae_orc_accident_2, nicolae_orc_pool_cavern, mines2_david
Orc:4:    st_orc_ogre_mass
Elf:1:    eino_elf_arrival_altar, hangedman_elf_represent, uniq_frances
Elf:2:    serial_shops, shop_statue, basic_altar, uniq_asterion
Elf:3:    nooodl_elf_gasket, basic_altar, uniq_wiglaf
Vaults:1: grunt_vaults_bifocal, hangedman_vaults_cutoff,
          nicolae_vaults_windows_and_doors_thing, nicolae_vaults_sealed_display,
          vaults_dpeg_encased_lava, v_misc_30, nicolae_vaults_shelves_hall,
          vaults_standard_mumra_enter_the_diamond, nicolae_vaults_asterisk,
          nicolae_vaults_rhombus_7
Vaults:2: nicolae_vaults_circle_grid_a, hangedman_vaults_river_flow,
          vaults_room_ringed_pool, ontoclasm_vaults_spin,
          nicolae_vaults_big_angled_halls, v_misc_9, grunt_vaults_funnel,
          v_misc_25, ontoclasm_vaults_ring_small, ontoclasm_vaults_gateway
Vaults:3: nicolae_vaults_three_branches, nicolae_vaults_arrows,
          hangedman_vaults_stitches, minmay_crypt_entry_nasty_monster,
          v_misc_24, vaults_standard_mumra_enter_the_diamond,
          dpeg_vaults_monster_box, vaults_dpeg_hooks, vaults_dpeg_ring,
          ontoclasm_vaults_gallery, v_misc_9, vaults_room_hallway, serial_shops,
          shop
Vaults:4: vaults_dpeg_spiral, nicolae_vaults_statue_guard,
          nicolae_vaults_little_squares_6, v_misc_1, v_misc_11,
          nicolae_vaults_triangles, vaults_mumra_lcd, hangedman_vaults_snaps,
          nicolae_vaults_shelves_hall, vaults_room_mumra_shop_pool,
          hangedman_vaults_trim, vaults_standard_mumra_enter_the_diamond,
          hangedman_vaults_stretched_pinwheel, basic_altar, uniq_donald
Vaults:5: serial_shops
Crypt:1:  lemuel_minitomb, uniq_saint_roka
Crypt:2:  basic_altar
Crypt:3:  quadcrypt_mu
Depths:1: enter_ziggurat_b, hellmouth_1, serial_shops, shop, minmay_holes,
          minmay_serpent_palace
Depths:2: mu_elemental_laboratory, wad_floor_pattern_2,
          pf_hell_entry_tar_spiral, nicolae_trove_entry_free_sample
Depths:3: cheibrodos_leafed_vault, small_statue_intersection, pan_entry,
          pf_dread_powers_of_hell, uniq_sojobo
Depths:4: lemuel_ice_spiral_1, grunt_pan_entry_zigzag, abyss_entry,
          lightli_too_deep, minmay_misc_feat_tiny, minmay_misc_feat_columns,
          eino_small_chamber_without_monster, minmay_misc_feat_plants
Depths:5: evilmike_zot_entry_hall, abyss_entry, grunt_hell_entry_dis_old,
          grunt_megastairs_3, serial_bayou_shore_b, uniq_frederick
Zot:3:    lemuel_firehouse, hangedman_zot_decor_slant
Zot:4:    st_large_dragon_hoard_4
Lab:      labyrinth_hidden_loot

Action                   |  1- 3 |  4- 6 |  7- 9 | 10-12 | 13-15 | 16-18 | 19-21 | 22-24 | 25-27 || total
-------------------------+-------+-------+-------+-------+-------+-------+-------+-------+-------++-------
Melee: War axe           |    74 |   124 |   392 |    88 |       |       |       |       |       ||   678
       Mace              |       |       |     6 |       |     7 |       |       |       |       ||    13
       Hand axe          |       |       |       |   186 |       |       |       |       |       ||   186
       Battleaxe         |       |       |       |   351 |   358 |       |       |       |       ||   709
       Broad axe         |       |       |       |       |   846 |  1467 |  1435 |  1760 |  3516 ||  9024
 Cast: Regeneration      |       |       |       |       |       |       |       |       |     4 ||     4
       Statue Form       |       |       |       |       |       |       |       |       |     3 ||     3
Invok: Heroism           |       |       |       |     4 |     3 |     6 |     5 |     6 |     2 ||    26
       Finesse           |       |       |       |       |       |     1 |       |       |       ||     1
       Donate Gold       |       |       |       |       |       |       |       |       |     1 ||     1
       Temporal Distorti |       |       |       |       |       |       |       |       |    12 ||    12
       Bend Time         |       |       |       |       |       |       |       |       |     1 ||     1
 Abil: Spit Poison       |    25 |    51 |    70 |    43 |    10 |     2 |       |     1 |       ||   202
Evoke: Wand              |       |       |       |       |     4 |    17 |     8 |    13 |    12 ||    54
       Deck              |       |       |       |       |       |       |     2 |       |     1 ||     3
  Use: Scroll            |       |     6 |     4 |     9 |    26 |    11 |    14 |    10 |    25 ||   105
       Potion            |       |       |     3 |     6 |       |    14 |     2 |     6 |    19 ||    50
 Stab: Confused          |       |       |       |       |       |     5 |       |       |       ||     5
       Distracted        |       |       |       |       |       |       |     2 |       |     2 ||     4
       Sleeping          |       |       |       |       |       |       |       |       |     2 ||     2
  Eat: Bread ration      |     1 |       |       |       |       |       |       |       |       ||     1
       Chunk             |       |     6 |    14 |    20 |    32 |    13 |    14 |    22 |    23 ||   144
       Fruit             |       |       |     2 |       |     2 |    10 |       |       |     8 ||    22
       Beef jerky        |       |       |     1 |       |     4 |       |     5 |     1 |     4 ||    15
       Royal jelly       |       |       |       |     1 |     2 |       |       |     1 |     2 ||     6
       Meat ration       |       |       |       |       |       |     4 |     1 |       |     2 ||     7
       Pizza             |       |       |       |       |       |       |       |     2 |    16 ||    18
